 Dungeon Crawl Stone Soup version 0.28-a0-1510-gd0f6b136d3 (webtiles) character file.

Game seed: 392689818013891894

32 demibob the Chopper (level 3, -2/29 HPs)
             Began as a Demonspawn Berserker on Jan 15, 2022.
             Was a Believer of Trog.
             Slain by a kobold (3 damage)
             ... on level 2 of the Dungeon.
             The game lasted 00:01:21 (1581 turns).

demibob the Chopper (Demonspawn Berserker)          Turns: 1581, Time: 00:01:22

Health: -2/29      AC:  2    Str: 17    XL:     3   Next: 10%
Magic:  3/3        EV: 12    Int: 10    God:    Trog [**....]
Gold:   84         SH:  0    Dex: 14    Spells: 2/2 levels left

rFire   . . .      SeeInvis .   a - +0 hand axe
rCold   . . .      Faith    .   (no shield)
rNeg    . . .      Spirit   .   b - +0 animal skin
rPois   .          Reflect  .   (no helmet)
rElec   .          Harm     .   (no cloak)
rCorr   .          Rampage  .   (no gloves)
Will    .....                   (no boots)
Stlth   +.........              (no amulet)
HPRegen 0.09/turn               (no ring)
MPRegen 0.16/turn               (no ring)

@: no status effects
A: magic regeneration, big brain 1
a: Renounce Religion, Berserk, Trog's Hand


You were on level 2 of the Dungeon.
You worshipped Trog.
Trog was pleased with you.
You visited 1 branch of the dungeon, and saw 2 of its levels.

You collected 84 gold pieces.


Innate Abilities, Weirdness & Mutations

You regenerate magic rapidly.
You have an unusually large brain. (Int +2)


   Skills:
 - Level 3.0 Fighting
 * Level 3.5 Axes
 - Level 1.7 Armour
 + Level 2.3 Dodging


You had 2 spell levels left.
You didn't know any spells.
Your spell library was empty.

Inventory:

Hand Weapons
 a - a +0 hand axe (weapon)
Armour
 b - a +0 animal skin (worn)
 e - a +0 pair of gloves
Scrolls
 c - a scroll of blinking {unknown}
Potions
 d - a potion of attraction {unknown}
 f - a potion of heal wounds {unknown}

Dungeon Overview and Level Annotations

Branches:
Dungeon (2/15)

Altars:

#....# #..............
#...†# #.###.##..#####
#.#'## #.# #.....##
#.#.#########.######...#
#.#............# #.#.#
#.############## #.#.## #.#
#.#..# #.############
#)##.###
#.##......@..#######.......
.......K..'............#
..........###########..#
..........# #..#
..........# #...
..........# ###..
?.........# #....
..........# #....
.........# #....


You could see a kobold.


Message History

You are too injured to fight recklessly!
You are too injured to fight recklessly!
You are too injured to fight recklessly!
There are monsters nearby!
There are monsters nearby!
You barely miss the kobold. You hit the hobgoblin.
The hobgoblin barely misses you. The kobold barely misses you.
You barely miss the kobold. You hit the hobgoblin. The hobgoblin hits you.
* * * LOW HITPOINT WARNING * * *
The kobold barely misses you.
You hit the kobold but do no damage. You barely miss the hobgoblin.
The hobgoblin completely misses you. The kobold hits you with a +0 dagger.
* * * LOW HITPOINT WARNING * * *
You hit the kobold.
The kobold is moderately wounded.
You hit the hobgoblin but do no damage. The hobgoblin barely misses you.
The kobold barely misses you.
You closely miss the kobold.
The kobold is moderately wounded.
You hit the hobgoblin.
You kill the hobgoblin!
Trog accepts your kill. The kobold hits you with a +0 dagger.
* * * LOW HITPOINT WARNING * * *
You closely miss the kobold.
The kobold is moderately wounded.
The kobold closely misses you. The kobold hits you with a +0 dagger.
* * * LOW HITPOINT WARNING * * *
Found a scroll labelled ROONIR QARETEM.
The kobold hits you with a +0 dagger.
You die...

Skill      XL: |  1 |
---------------+----+-----
Axes           | 3 |  3.5
Dodging        | 2 |  2.3
Fighting       | |  3.0
Armour         | |  1.7

Action                   || total
-------------------------++-------
Melee: Hand axe          ||    91
  Use: Scroll            ||     2
 Stab: Sleeping          ||     1
Armor: Animal skin       ||    20
Dodge: Dodged            ||    57

Levels and vault maps discovered:
D:1:      shiori_arrival_oz, layout_basic,
          dreamdust_ecumenical_altar_drowned_temple
D:2:      layout_basic, serial_shops, shop

Notes
Turn   | Place    | Note
-------+----------+-------------------------------------------
     0 | D:1      | demibob the Demonspawn Berserker began the quest for the
                  | Orb.
     0 | D:1      | Reached XP level 1. HP: 18/18 MP: 1/1
   350 | D:1      | Reached skill level 3 in Axes
   350 | D:1      | Reached skill level 2 in Dodging
   371 | D:1      | Gained mutation: You regenerate magic rapidly. [demonic
                  | ancestry]
   371 | D:1      | Reached XP level 2. HP: 24/24 MP: 2/2
   711 | D:1      | Found a faded altar of an unknown god.
  1471 | D:2      | Gained mutation: You have an unusually large brain. (Int
                  | +2) [demonic ancestry]
  1471 | D:2      | Reached XP level 3. HP: 29/29 MP: 3/3
  1528 | D:2      | Reached ** piety under Trog
  1580 | D:2      | HP: 1/29 [kobold (4)]
  1581 | D:2      | Slain by a kobold

Vanquished Creatures
  6 ball pythons
  4 endoplasms (D:1)
  2 goblins (D:1)
  3 hobgoblins
  A bat (D:2)
  6 frilled lizards
  5 kobolds
  5 rats (D:1)
  A spectral goblin (D:1)
33 creatures vanquished.

Table legend: (Time is in decaauts)
 A = Elapsed time spent in this place.
 B = Non-inter-level travel time spent in this place.
 C = Inter-level travel time spent in this place.
 D = Time resting spent in this place.
 E = Time spent auto-exploring this place.
 F = Levels seen in this place.
 G = Mean time per level.
                   A        B        C        D        E       F      G
               +--------+--------+--------+--------+--------+-----+--------+
         Total |   1597 |   1586 |     11 |      0 |   1359 |   2 |  798.5 |
       Dungeon |   1597 |   1586 |     11 |      0 |   1359 |   2 |  798.5 |
               +--------+--------+--------+--------+--------+-----+--------+

Top non-repeatable levels by time:
     D:1: 1056 daAuts
     D:2: 540 daAuts

Table legend:
 A = Non-vault XP
 B = Vault XP
 C = Vault XP percentage of total XP
 D = Non-vault monster count
 E = Vault monster count
 F = Vault count percentage of total count
                 A         B        C        D         E       F
            +---------+---------+-------+---------+---------+-------
      Total |      43 |       4 |   8.5 |      30 |       3 |   9.1
            +---------+---------+-------+---------+---------+-------
        D:1 |      31 |       4 |  11.4 |      22 |       3 |  12.0
        D:2 |      12 |       0 |   0.0 |       8 |       0 |   0.0
            +---------+---------+-------+---------+---------+-------
